 Dungeon Crawl Stone Soup version 0.23-a0-696-gf95311e5ea (webtiles) character file.

128 MirrMurr the Sneak (level 4, 0/21 HPs)
             Began as a Spriggan Enchanter on Jan 12, 2019.
             Slain by an orc
             ... wielding a +0 war axe
              (9 damage)
             ... on level 2 of the Dungeon.
             The game lasted 00:07:02 (2647 turns).

MirrMurr the Sneak (Spriggan Enchanter)             Turns: 2647, Time: 00:07:02

Health: 0/21       AC:  4    Str:  5    XL:     4   Next: 86%
Magic:  9/9        EV: 17    Int: 16    God:
Gold:   145        SH:  5    Dex: 16    Spells: 2/8 levels left

rFire    . . .     SeeInvis +   a - +0 dagger (venom)
rCold    . . .     Gourm    .   r - +0 buckler
rNeg     . . .     Faith    .   b - +0 robe
rPois    .         Spirit   .   (helmet restricted)
rElec    .         Reflect  .   t - +1 cloak
rCorr    .         Harm     .   (gloves unavailable)
MR       .....                  (boots unavailable)
Stlth    +++.......             (no amulet)
HPRegen  0.07/turn              (no ring)
MPRegen  0.11/turn              (no ring)

@: very quick
A: very small, unfitting armour, see invisible, herbivore, speed 3, slow
metabolism 2
a: no special abilities


You were on level 2 of the Dungeon.
You were not hungry.

You visited 1 branch of the dungeon, and saw 3 of its levels.

You collected 145 gold pieces.

Inventory:

Hand Weapons
 a - a +0 dagger of venom (weapon)
 m - a +0 hunting sling
 o - a cursed -1 dagger
Missiles
 d - 119 stones (quivered)
 p - 41 sling bullets
Armour
 b - a +0 robe (worn)
 r - a +0 buckler (worn)
 t - a +1 cloak (worn)
Jewellery
 e - an uncursed ring of poison resistance {unknown}
 l - a +3 ring of protection {unknown}
Scrolls
 g - a scroll of blinking
 h - a scroll of teleportation {unknown}
 i - a scroll of remove curse {unknown}
 j - a scroll of enchant weapon {unknown}
 k - a scroll of enchant armour {unknown}
 q - a scroll of random uselessness {unknown}
Potions
 f - a potion of resistance {unknown}
 n - a potion of agility {unknown}
 s - a potion of heal wounds {unknown}
 u - 3 potions of curing {unknown}
Comestibles
 c - 10 rations


   Skills:
 + Level 3.4 Short Blades
 - Level 3.0 Dodging
 + Level 6.6 Stealth
 + Level 0.9 Shields
 - Level 2.6 Spellcasting
 - Level 3.6 Hexes


You had 2 spell levels left.
You knew the following spells:

 Your Spells              Type           Power        Failure   Level  Hunger
a - Ensorcelled Hibernat  Hex/Ice        #.....       22%         2    ##.....
b - Confuse               Hex            ##......     21%         3    ###....
C - Corona                Hex            ##.....      7%          1    #......

Your spell library contained the following spells:

 Spells                   Type           Power        Failure   Level  Hunger
 Tukima's Dance           Hex            ##......     21%         3    ###....
 Dazzling Spray           Conj/Hex       #.....       41%         3    ###....


Dungeon Overview and Level Annotations

Branches:
Dungeon (3/15)

Altars:
Ru


Innate Abilities, Weirdness & Mutations

You are very small and have problems with some larger weapons.
You are too small for most types of armour.
You have supernaturally acute eyesight. (SInv)
You are a herbivore.
You cover ground extremely quickly.
You need to consume almost no food.


Message History

You climb upwards.
The goblin shouts!
The goblin closely misses you.
There is a stone staircase leading down here.
You are too injured to fight recklessly!
You are too injured to fight recklessly!
You are too injured to fight recklessly!
You are too injured to fight recklessly!
You are too injured to fight recklessly!
You are too injured to fight recklessly!
You hit the goblin.
The goblin is poisoned.
The goblin is moderately wounded.
The orc closely misses you. The goblin completely misses you.
You hit the goblin but do no damage.
The goblin looks even sicker.
The goblin is moderately wounded.
The goblin barely misses you.
You hit the goblin.
You kill the goblin!
The orc hits you with a +0 war axe!
You die...

#####..........#..###.#
##.....######.###..# #.#
###..##########.###..# #.#
#####...## #..........##.###.#
......### #..........##..##<#
.)...## #..........##..##.#
.รท...#######..........##..##.#
.................o....##..##.#
.....#######....@.........##.#
.......# #......).....##.##.#
######.####............##.##.#
#..##.............##.##.# ##
##....#...........##.##.## .###
###.)#.#######...##.##..#
...#####.....# #.####.....#
##.....#....### #.# #.>...#
#####........# #.# #.....#


You could see an orc.

Vanquished Creatures
  An iguana (D:3)
  3 adders
  An ooze (D:1)
  3 dart slugs
  A leopard gecko (D:2)
  An orc (D:3)
  11 bats
  3 giant cockroaches
  7 goblins
  4 hobgoblins
  5 jackals (D:3)
  3 quokkas
  7 frilled lizards
  11 kobolds
  4 rats
65 creatures vanquished.

Notes
Turn   | Place    | Note
-------+----------+-------------------------------------------
     0 | D:1      | MirrMurr the Spriggan Enchanter began the quest for the
                  | Orb.
     0 | D:1      | Reached XP level 1. HP: 9/9 MP: 5/5
     6 | D:1      | Noticed a water moccasin
     6 | D:1      | Noticed a killer bee
     6 | D:1      | Noticed a wyvern
     7 | D:1      | Noticed a hog
     7 | D:1      | Noticed a lindwurm
   485 | D:1      | Reached XP level 2. HP: 11/13 MP: 6/6
   489 | D:1      | Learned a level 2 spell: Ensorcelled Hibernation
   499 | D:1      | Reached skill level 5 in Stealth
   848 | D:1      | Reached XP level 3. HP: 13/16 MP: 8/8
   853 | D:1      | Learned a level 3 spell: Confuse
  1701 | D:2      | Reached skill level 6 in Stealth
  1857 | D:2      | Found a sacrificial altar of Ru.
  2203 | D:3      | Reached XP level 4. HP: 17/21 MP: 6/9
  2647 | D:2      | Slain by an orc

Vault maps used:
D:1:      onia_arrival_zoo_common
D:2:      nicolae_ru_path_of_blood
D:3:      lemuel_doored_altar

Skill      XL: |  1  2  3 |
---------------+----------+-----
Stealth        | 5 6 |  6.6
Short Blades   | 2 3 |  3.4
Dodging        | |  3.0
Shields        | |  0.9
Spellcasting   | |  2.6
Hexes          | |  3.6

Action                   |  1- 3 |  4- 6 || total
-------------------------+-------+-------++-------
Melee: Dagger            |   134 |    47 ||   181
 Cast: Corona            |     3 |       ||     3
       Ensorcelled Hiber |     7 |       ||     7
       Confuse           |     1 |       ||     1
  Use: Scroll            |     1 |       ||     1
 Stab: Sleeping          |    19 |     6 ||    25
Armor: Robe              |     6 |     2 ||     8
Dodge: Dodged            |   131 |    34 ||   165
Block: Buckler           |     3 |    14 ||    17

Table legend:
 A = Non-vault XP
 B = Vault XP
 C = Vault XP percentage of total XP
 D = Non-vault monster count
 E = Vault monster count
 F = Vault count percentage of total count
                 A         B        C        D         E       F
            +---------+---------+-------+---------+---------+-------
      Total |     183 |       0 |   0.0 |      65 |       0 |   0.0
            +---------+---------+-------+---------+---------+-------
        D:1 |      44 |       0 |   0.0 |      25 |       0 |   0.0
        D:2 |      42 |       0 |   0.0 |      17 |       0 |   0.0
        D:3 |      97 |       0 |   0.0 |      23 |       0 |   0.0
            +---------+---------+-------+---------+---------+-------
